 Dungeon Crawl Stone Soup version 0.19-a0-1937-g70ed36a (webtiles) character file.

59 Ryco the Shield-Bearer (level 4, 0/25 HPs)
             Began as a Gargoyle Fighter on Oct 25, 2016.
             Was an Initiate of Hepliaklqana.
             Slain by a hound (2 damage)
             ... on level 4 of the Dungeon on Oct 26, 2016.
             The game lasted 00:04:29 (527 turns).

Ryco the Shield-Bearer (Gargoyle Fighter)            Turns: 527, Time: 00:04:29

Health: 0/25       AC: 10    Str: 18 (21) XL:     4   Next: 3%
Magic:  4/4        EV:  7    Int: 11 (13) God:    Hepliaklqana [......]
Gold:   75         SH:  9    Dex:  8 (9)  Spells: 0 memorised, 3 levels left

rFire  . . .     SeeInvis .     a - +0 flail
rCold  . . .     Gourm    .     b - +0 scale mail
rNeg   + . .     Faith    .     c - +0 shield
rPois  ∞         Spirit   .     (no helmet)
rElec  +         Reflect  .     (no cloak)
rCorr  .         Harm     .     (no gloves)
MR     .....                    (no boots)
Stlth  ..........               (no amulet)
                                (no ring)
                                (no ring)

@: brilliant
A: reduced essence, negative energy resistance 1, electricity resistance,
unbreathing, petrification resistance, rot immunity, AC +3
a: Recall Ancestor, Ancestor Identity, Renounce Religion


You were on level 4 of the Dungeon.
You worshipped Hepliaklqana.
Hepliaklqana was noncommittal.
You were not hungry.

You visited 1 branch of the dungeon, and saw 5 of its levels.

You collected 75 gold pieces.

Inventory:

Hand Weapons
 a - a +0 flail (weapon)
Armour
 b - a +0 scale mail (worn)
 c - a +0 shield (worn)
Scrolls
 e - a scroll of noise {unknown}
 g - a scroll of identify {unknown}
 j - 2 scrolls of teleportation {unknown}
 k - a scroll of random uselessness {unknown}
 n - a scroll of magic mapping {unknown}
Potions
 d - a potion of might
 m - a potion of curing {unknown}
 o - a potion of invisibility {unknown}
 p - a potion of haste {unknown}
Comestibles
 f - a bread ration


   Skills:
 + Level 3.6 Fighting
 * Level 3.0 Maces & Flails
 + Level 3.7 Armour
 + Level 4.0 Shields


You had 3 spell levels left.
You didn't know any spells.

Dungeon Overview and Level Annotations

Branches:
Dungeon (5/15)
 Temple: D:4-7

Altars:
Ashenzari
Hepliaklqana
The Shining One

Annotations:
D:4 Kramin's ghost, amateur DsEn


Innate Abilities, Weirdness & Mutations

You are resistant to torment.
Your stone body is resilient. (AC +3)
You are immune to poison.
You resist negative energy. (rN+)
You are resistant to electric shocks. (rElec)
You can survive without breathing.
You are immune to petrification.
You are immune to rotting.
Your life essence is reduced. (-10% HP)


Message History

Zolin remembers more of his old skill.
The hound bites Zolin.
The worm bites you!
* * * LOW HITPOINT WARNING * * *
Zolin hits the hound.
Okay, then.
Okay, then.
Okay, then.
Okay, then.
It was a potion of cure mutation.
It has a very clean taste.
Zolin barely misses the hound.
The hound bites you but does no damage.
It was a potion of degeneration.
There was something very wrong with that liquid.
You feel weakened.
You feel dopey.
You feel clumsy. The hound bites you but does no damage.
Zolin misses the hound.
The worm bites you but does no damage. You block the hound's attack.
It was a potion of brilliance.
You feel clever all of a sudden.
Zolin closely misses the hound.
The hound closely misses you. You block the worm's attack. The hound bites you.
You die...

#....###.#
##........#
..........#
..........#
..........#
..........#
..........##
....)....w.###
..<.....Rh@..#
..........##.#
#.........# .#
#.........# ..
#.........# #.
#.........# ≈
#.........#
.........


You could see the friendly Zolin the ancestor, a worm and a hound.

Vanquished Creatures
  An adder (D:2)
  An ooze (D:4)
  2 dart slugs
  5 leopard geckos
  2 orcs
  3 bats
  2 giant cockroaches
  2 goblins (D:1)
  A hobgoblin (D:2)
  A kobold (D:2)
  4 rats
24 creatures vanquished.

Vanquished Creatures (collateral kills)
  2 adder skeletons
  2 jackals
4 creatures vanquished.

Grand Total: 28 creatures vanquished

Notes
Turn   | Place    | Note
-------+----------+-------------------------------------------
     0 | D:1      | Ryco the Gargoyle Fighter began the quest for the Orb.
     0 | D:1      | Reached XP level 1. HP: 14/14 MP: 1/1
    73 | D:1      | Reached XP level 2. HP: 19/19 MP: 2/2
   167 | D:2      | Reached XP level 3. HP: 15/23 MP: 3/3
   240 | D:2      | Found a shattered altar of Ashenzari.
   338 | D:2      | Found a hazy altar of Hepliaklqana.
   338 | D:2      | Found a glowing golden altar of the Shining One.
   342 | D:2      | Became a worshipper of Hepliaklqana the Forgotten
   487 | D:4      | Noticed Kramin's ghost (amateur DsEn)
   491 | D:5      | Entered Level 5 of the Dungeon
   508 | D:5      | Upgraded the game from 0.19-a0-1932-g59670f6 to 0.19-a0-1937-g70ed36a
   522 | D:4      | Reached skill level 4 in Shields
   522 | D:4      | Reached XP level 4. HP: 8/25 MP: 4/4
   522 | D:4      | HP: 1/25 [worm (7)]
   527 | D:4      | Slain by a hound

Vault maps used:
D:1:      erik_arrival_blinker_ship, hangedman_decor_clover_reticule,
          minmay_misc_feat_tower
D:2:      marbit_many_paths, gammafunk_temple_overflow_elements,
          kennysheep_big_empty_room, uniq_iyjb
D:3:      fedhas_altar_3, cheibriados_altar_1, uniq_grinder
D:4:      kennysheep_vampire_church, nicolae_overflow_hidden_temple,
          nicolae_gozag_zags_fifth_avenue
D:5:      grunt_temple_overflow_order_and_chaos_1, first_bread,
          uniq_crazy_yiuf_cottage

Skill      XL: |  1  2  3 |
---------------+----------+-----
Maces & Flails | 3 |  3.0
Shields        | 4 |  4.0
Fighting       | |  3.6
Armour         | |  3.7

Action                   |  1- 3 |  4- 6 || total
-------------------------+-------+-------++-------
Melee: Flail             |   120 |       ||   120
Invok: Recall Ancestor   |     1 |       ||     1
       Ancestor Identity |     1 |       ||     1
  Use: Potion            |       |     3 ||     3
Armor: Scale mail        |    98 |     3 ||   101
Dodge: Dodged            |    63 |     1 ||    64
Block: Shield            |    95 |     2 ||    97
